St.Louis Blues vs Los Angeles Kings

Created - Wednesday, February 25, 2026 at 07:30

Goals
1 2 3 T
St.Louis Blues 1 0 0 1
Los Angeles Kings 0 2 1 3
Shots
1 2 3 T
St.Louis Blues 15 10 9 34
Los Angeles Kings 11 7 9 27

1st period

1. St.Louis Blues , Mark Stone 2 (Jake Guentzel 12, Brayden Point 16) at 18:37

Penalties :
Brandon Hagel (STL) for Slashing (Minor) at 14:47

2nd period

2. Los Angeles Kings , Andrei Svechnikov 8 (Adam Fantilli 14) at 1:39
3. Los Angeles Kings , Logan Cooley 12 (K'Andre Miller 12, Will Smith 3) at 3:57

Penalties :
No Penalty

3rd period

4. Los Angeles Kings , Andrei Svechnikov 9 (Adam Fantilli 15) at 14:36

Penalties :
Jake Sanderson (STL) for Hooking (Minor) at 0:20, Evander Kane (LAK) for Diving (Minor) at 10:56

Goalie Stats

Connor Hellebuyck (STL), 24 saves from 27 shots - (0.889), L, 11-7-1, 60:00 minutes
Carl Lindbom (LAK), 33 saves from 34 shots - (0.971), W, 1-1-0, 60:00 minutes

Players Stats for St.Louis Blues

Player Name              G  A  P  +/- PIM S  H  SB GA TA FO     MP     PP MP  PK MP  
------------------------------------------------------------------------------------
Adam Pelech              0  0  0   0  0   1  1  1  1  0  0/0    12:44   0:00   0:00 
Alex Tuch                0  0  0   0  0   3  3  0  1  0  0/1    14:53   0:59   0:00 
Artem Zub                0  0  0   0  0   1  1  1  0  1  0/0    14:22   0:00   2:05 
Brandon Hagel            0  0  0   0  2   0  0  1  1  0  0/0    14:41   0:59   0:00 
Brandon Tanev            0  0  0   0  0   0  1  1  1  0  0/0     8:42   0:00   1:46 
Brayden Point            0  1  1   0  0   6  3  0  2  0  5/8    16:55   1:00   0:00 
Colton Parayko           0  0  0  -2  0   0  5  1  0  1  0/0    22:57   0:00   2:20 
Isac Lundestrom          0  0  0   0  0   1  0  1  0  1  4/4     9:29   0:59   1:53 
Jaccob Slavin            0  0  0   0  0   0  1  0  1  0  0/0    21:40   0:00   1:38 
Jack Eichel              0  0  0  -2  0   2  2  0  0  0  0/1    18:43   1:00   0:00 
Jake Guentzel            0  1  1   0  0   3  3  0  0  0  1/1    17:37   1:00   0:10 
Jake Sanderson           0  0  0  -2  2   3  2  2  1  0  0/0    23:35   1:00   1:18 
Logan O'Connor           0  0  0   0  0   1  0  0  0  1  0/0     8:26   0:00   1:50 
Mark Stone               1  0  1   0  0   3  2  0  0  0  0/0    16:24   0:00   0:00 
Mikhail Sergachev        0  0  0   0  0   3  1  2  0  1  0/0    21:27   0:59   0:35 
Nikita Kucherov          0  0  0  -2  0   1  1  1  0  0  0/3    19:16   1:00   0:25 
Robert Thomas            0  0  0  -2  0   4  2  1  0  1  13/26  17:46   0:00   0:00 
Vincent Trocheck         0  0  0   0  0   2  2  0  2  0  9/9    16:23   0:59   1:52 

Players Stats for Los Angeles Kings

Player Name              G  A  P  +/- PIM S  H  SB GA TA FO     MP     PP MP  PK MP  
------------------------------------------------------------------------------------
Adam Fantilli            0  2  2   2  0   5  0  1  1  0  9/16   17:58   1:56   1:02 
Alexander Romanov        0  0  0   0  0   1  0  2  0  1  0/0    13:27   0:00   0:00 
Andrei Kuzmenko          0  0  0   2  0   2  0  0  0  0  0/1    16:24   1:54   0:00 
Andrei Svechnikov        2  0  2   2  0   6  2  0  1  0  1/3    17:16   1:56   0:57 
Charlie McAvoy           0  0  0   0  0   1  0  2  1  1  0/0    20:39   1:52   0:54 
Cooper Marody            0  0  0   0  0   0  0  1  0  0  0/1     9:41   0:00   0:00 
Evander Kane             0  0  0   1  2   1  1  0  0  0  5/13   16:54   0:00   0:00 
Jackson Blake            0  0  0  -1  0   1  1  0  0  2  0/1    12:33   0:00   0:00 
Jakub Zboril             0  0  0   0  0   0  0  0  0  0  0/0    13:08   0:00   0:00 
Jansen Harkins           0  0  0  -1  0   2  1  1  0  0  4/12   15:58   2:01   1:02 
Joseph Veleno            0  0  0   0  0   1  1  0  0  0  1/3    12:06   2:01   0:00 
K'Andre Miller           0  1  1   2  0   2  3  1  0  2  0/0    26:21   2:06   1:05 
Logan Cooley             1  0  1   1  0   1  0  1  2  2  0/1    19:09   2:01   0:57 
MacKenzie Weegar         0  0  0   2  0   1  1  2  0  2  0/0    26:13   2:06   1:05 
Mikey Eyssimont          0  0  0   0  0   1  1  0  1  0  0/0    10:50   0:04   0:00 
Ryan Suter               0  0  0   0  0   0  1  2  0  0  0/0    20:12   1:52   0:54 
Vitali Kravtsov          0  0  0  -1  0   1  1  0  0  0  0/1    12:33   0:00   0:00 
Will Smith               0  1  1   1  0   1  1  1  0  0  1/1    16:38   0:01   0:00 

3 Stars

1 - Andrei Svechnikov (LAK)
2 - Carl Lindbom (LAK)
3 - Adam Fantilli (LAK)

Power Play

St.Louis Blues - 0 on 1 Attempt(s) - 0.00%
Los Angeles Kings - 0 on 2 Attempt(s) - 0.00%

Penalty Kill

St.Louis Blues - 2 on 2 Attempt(s) - 100.00% - Score 0 goal in Penalty Kill
Los Angeles Kings - 1 on 1 Attempt(s) - 100.00% - Score 0 goal in Penalty Kill

Team Stat

St.Louis Blues - Hits : 30 - Faceoff Wins : 32 - Blocked Shots : 12 - Penalty Minutes : 4
Los Angeles Kings - Hits : 14 - Faceoff Wins : 21 - Blocked Shots : 14 - Penalty Minutes : 2

Official

Referees : Eric Furlatt and Cody Beach
Linesman : Devin Berg and Dan Kelly

Game Notes

No Game Note

Finance

Level 1 -- Attendance: 5467 (91.12%) -- Ticket Income $492,030
Level 2 -- Attendance: 4450 (89.00%) -- Ticket Income $222,500
Level 3 -- Attendance: 3000 (100.00%) -- Ticket Income $90,000
Level 4 -- Attendance: 4475 (89.50%) -- Ticket Income $89,500
Luxury Box -- Attendance: 899 (89.90%) -- Ticket Income $170,810
Game was played at the Staples Center.
Total Attendance: 18291 (91.46%)
Total Ticket Income: $1,064,840
Other Income: $372,694
Total Income: $1,437,534

St.Louis Blues

5 vs 5 Forward 
   Center                   Left Wing                Right Wing               Time % Phy DF OF 
 1 Robert Thomas            Jack Eichel              Nikita Kucherov          40     0   2  3  
 2 Brayden Point            Jake Guentzel            Mark Stone               30     0   2  3  
 3 Vincent Trocheck         Brandon Hagel            Alex Tuch                25     1   2  2  
 4 Isac Lundestrom          Brandon Tanev            Logan O'Connor           5      1   3  1  

5 vs 5 Defense 
   Defense                  Defense                                           Time % Phy DF OF 
 1 Jake Sanderson           Colton Parayko                                    45     0   3  2  
 2 Mikhail Sergachev        Jaccob Slavin                                     35     0   3  2  
 3 Artem Zub                Adam Pelech                                       20     1   2  2  
 4 Jake Sanderson           Colton Parayko                                    0      0   3  2  

PowerPlay Forward 
   Center                   Left Wing                Right Wing               Time % Phy DF OF 
 1 Jake Guentzel            Jack Eichel              Nikita Kucherov          60     0   0  5  
 2 Vincent Trocheck         Brandon Hagel            Isac Lundestrom          40     0   0  5  

PowerPlay Defense
   Defense                  Defense                                           Time % Phy DF OF 
 1 Brayden Point            Jake Sanderson                                    60     0   0  5  
 2 Alex Tuch                Mikhail Sergachev                                 40     0   0  5  

Penalty Kill 4 Players Forward 
   Center                   Wing                     Time % Phy DF OF 
 1 Vincent Trocheck         Brandon Tanev            50     0   5  0  
 2 Isac Lundestrom          Logan O'Connor           50     0   5  0  

Penalty Kill 4 Players Defense
   Defense                  Defense                  Time % Phy DF OF 
 1 Colton Parayko           Jake Sanderson           50     1   4  0  
 2 Jaccob Slavin            Artem Zub                50     1   4  0  

Penalty Kill - 3 Players Forward 
   Forward                                           Time % Phy DF OF 
 1 Vincent Trocheck                                  50     0   5  0  
 2 Isac Lundestrom                                   50     0   5  0  

Penalty Kill - 3 Players Defense
   Defense                  Defense                  Time % Phy DF OF 
 1 Colton Parayko           Mikhail Sergachev        50     0   5  0  
 2 Jaccob Slavin            Artem Zub                50     0   5  0  

4 vs 4 Forward 
   Center                   Wing                     Time % Phy DF OF 
 1 Jack Eichel              Nikita Kucherov          50     0   2  3  
 2 Vincent Trocheck         Brayden Point            50     0   2  3  

4 vs 4 Defense
   Defense                  Defense                  Time % Phy DF OF 
 1 Jake Sanderson           Jaccob Slavin            50     0   3  2  
 2 Mikhail Sergachev        Colton Parayko           50     0   3  2  

Last Minutes Offensive
   Center                   Left Wing                Right Wing               Defense                  Defense                  
   Robert Thomas            Jack Eichel              Nikita Kucherov          Brayden Point            Jake Sanderson           

Last Minutes Defensive
   Center                   Left Wing                Right Wing               Defense                  Defense                  
   Vincent Trocheck         Isac Lundestrom          Brandon Tanev            Jaccob Slavin            Colton Parayko           

Goaltenders
Starting : Connor Hellebuyck        
Backup : Scott Wedgewood          

Extra Forwards
Normal : Jake Guentzel, Alex Tuch, Mark Stone - PP : Nikita Kucherov, Mark Stone - PK : Nikita Kucherov
Extra Defensemen
Normal : Mikhail Sergachev, Jaccob Slavin, Artem Zub - PP : Colton Parayko - PK : Artem Zub, Mikhail Sergachev
Penalty Shots
Alex Tuch, Brayden Point, Jake Guentzel, Jack Eichel, Nikita Kucherov

Scratches
Matthew Seminoff (Healthy), Connor Clifton (Healthy), Joona Koppanen (Healthy), Will Cranley (Healthy)

Los Angeles Kings

5 vs 5 Forward 
   Center                   Left Wing                Right Wing               Time % Phy DF OF 
 1 Evander Kane             Will Smith               Logan Cooley             30     1   2  2  
 2 Adam Fantilli            Andrei Svechnikov        Andrei Kuzmenko          30     1   2  2  
 3 Jansen Harkins           Vitali Kravtsov          Jackson Blake            25     1   2  2  
 4 Joseph Veleno            Mikey Eyssimont          Cooper Marody            15     1   2  2  

5 vs 5 Defense 
   Defense                  Defense                                           Time % Phy DF OF 
 1 MacKenzie Weegar         K'Andre Miller                                    30     1   2  2  
 2 Charlie McAvoy           Ryan Suter                                        30     1   2  2  
 3 Alexander Romanov        Jakub Zboril                                      25     1   2  2  
 4 MacKenzie Weegar         K'Andre Miller                                    15     1   2  2  

PowerPlay Forward 
   Center                   Left Wing                Right Wing               Time % Phy DF OF 
 1 Joseph Veleno            Jansen Harkins           Logan Cooley             50     1   2  2  
 2 Adam Fantilli            Andrei Svechnikov        Andrei Kuzmenko          50     1   2  2  

PowerPlay Defense
   Defense                  Defense                                           Time % Phy DF OF 
 1 MacKenzie Weegar         K'Andre Miller                                    50     1   2  2  
 2 Charlie McAvoy           Ryan Suter                                        50     1   2  2  

Penalty Kill 4 Players Forward 
   Center                   Wing                     Time % Phy DF OF 
 1 Adam Fantilli            Jansen Harkins           50     1   2  2  
 2 Logan Cooley             Andrei Svechnikov        50     1   2  2  

Penalty Kill 4 Players Defense
   Defense                  Defense                  Time % Phy DF OF 
 1 MacKenzie Weegar         K'Andre Miller           50     1   2  2  
 2 Charlie McAvoy           Ryan Suter               50     1   2  2  

Penalty Kill - 3 Players Forward 
   Forward                                           Time % Phy DF OF 
 1 Logan Cooley                                      50     1   2  2  
 2 Andrei Svechnikov                                 50     1   2  2  

Penalty Kill - 3 Players Defense
   Defense                  Defense                  Time % Phy DF OF 
 1 MacKenzie Weegar         K'Andre Miller           50     1   2  2  
 2 Charlie McAvoy           Ryan Suter               50     1   2  2  

4 vs 4 Forward 
   Center                   Wing                     Time % Phy DF OF 
 1 Jansen Harkins           Adam Fantilli            50     1   2  2  
 2 Logan Cooley             Andrei Svechnikov        50     1   2  2  

4 vs 4 Defense
   Defense                  Defense                  Time % Phy DF OF 
 1 MacKenzie Weegar         K'Andre Miller           50     1   2  2  
 2 Charlie McAvoy           Ryan Suter               50     1   2  2  

Last Minutes Offensive
   Center                   Left Wing                Right Wing               Defense                  Defense                  
   Evander Kane             Will Smith               Logan Cooley             MacKenzie Weegar         K'Andre Miller           

Last Minutes Defensive
   Center                   Left Wing                Right Wing               Defense                  Defense                  
   Evander Kane             Will Smith               Logan Cooley             MacKenzie Weegar         K'Andre Miller           

Goaltenders
Starting : Carl Lindbom             
Backup : Spencer Knight           

Extra Forwards
Normal : Mikey Eyssimont, Jansen Harkins, Joseph Veleno - PP : Mikey Eyssimont, Jansen Harkins - PK : Joseph Veleno
Extra Defensemen
Normal : Alexander Romanov, Jakub Zboril, Charlie McAvoy - PP : Alexander Romanov - PK : Jakub Zboril, Charlie McAvoy
Penalty Shots
Joseph Veleno, Jansen Harkins, Logan Cooley, Andrei Svechnikov, Adam Fantilli

Scratches
Seth Jarvis (Healthy), Drew Helleson (Healthy), Victor Ostman (Healthy)

% Time on Ice - St.Louis Blues

Lines # - Real PCT - Wanted PCT - Time Play
Normal Forward
1 - 34% - 40% - 18:11
2 - 29% - 30% - 15:51
3 - 25% - 25% - 13:25
4 - 12% - 5% - 6:36
Normal Defense
1 - 39% - 45% - 21:18
2 - 36% - 35% - 19:24
3 - 25% - 20% - 13:21
4 - 0% - 0% - 0:00
PP Forward
1 - 50% - 60% - 1:00
2 - 50% - 40% - 0:59
PP Defense
1 - 50% - 60% - 1:00
2 - 50% - 40% - 0:59
PK Forward
1 - 50% - 50% - 1:58
2 - 50% - 50% - 2:00
PK Defense
1 - 59% - 50% - 2:20
2 - 41% - 50% - 1:38
PK3 Forward
1 - 0% - 50%
2 - 0% - 50%
PK3 Defense
1 - 0% - 50%
2 - 0% - 50%
44 Forward
1 - 0% - 50%
2 - 0% - 50%
44 Defense
1 - 0% - 50%
2 - 0% - 50%
Last Minute Offensive  - 0:00
Last Minute Defensive  - 0:00
Total
Forward - 60:00
Defense - 60:00

% Time on Ice - Los Angeles Kings

Lines # - Real PCT - Wanted PCT - Time Play
Normal Forward
1 - 32% - 30% - 17:19
2 - 27% - 30% - 14:30
3 - 23% - 25% - 12:33
4 - 18% - 15% - 9:41
Normal Defense
1 - 29% - 30% - 15:46
2 - 31% - 30% - 16:47
3 - 26% - 25% - 13:52
4 - 14% - 15% - 7:38
PP Forward
1 - 51% - 50% - 2:01
2 - 49% - 50% - 1:57
PP Defense
1 - 53% - 50% - 2:06
2 - 47% - 50% - 1:52
PK Forward
1 - 52% - 50% - 1:02
2 - 48% - 50% - 0:57
PK Defense
1 - 55% - 50% - 1:05
2 - 45% - 50% - 0:54
PK3 Forward
1 - 0% - 50%
2 - 0% - 50%
PK3 Defense
1 - 0% - 50%
2 - 0% - 50%
44 Forward
1 - 0% - 50%
2 - 0% - 50%
44 Defense
1 - 0% - 50%
2 - 0% - 50%
Last Minute Offensive  - 0:00
Last Minute Defensive  - 0:00
Total
Forward - 60:00
Defense - 60:00

Play-by-Play

1st period


0:01 of 1st period - Robert Thomas wins face-off versus Evander Kane in neutral zone.
0:06 of 1st period - Snap shot by Jack Eichel.
0:06 of 1st period - Stopped by Carl Lindbom with a rebound.
0:08 of 1st period - Snap shot by Jack Eichel.
0:08 of 1st period - Shot Misses the Net.
0:10 of 1st period - Slapshot by Jake Sanderson.
0:10 of 1st period - Shot Misses the Net.
0:12 of 1st period - Slapshot by Jake Sanderson.
0:12 of 1st period - Shot Blocked by MacKenzie Weegar.
0:14 of 1st period - Slapshot by Jake Sanderson.
0:14 of 1st period - Shot Misses the Net.
0:30 of 1st period - Snap shot by Brayden Point.
0:30 of 1st period - Stopped by Carl Lindbom with a rebound.
0:32 of 1st period - Snap shot by Jake Sanderson.
0:32 of 1st period - Stopped by Carl Lindbom with a rebound.
0:46 of 1st period - Snap shot by Jackson Blake.
0:46 of 1st period - Stopped by Connor Hellebuyck with a rebound.
1:18 of 1st period - Off-side.
1:19 of 1st period - Adam Fantilli wins face-off versus Nikita Kucherov in neutral zone.
1:30 of 1st period - Wrist shot by Andrei Svechnikov.
1:30 of 1st period - Shot Blocked by Artem Zub.
2:17 of 1st period - Snap shot by Alex Tuch.
2:17 of 1st period - Stopped by Carl Lindbom without a rebound.
2:18 of 1st period - Robert Thomas wins face-off versus Adam Fantilli in Los Angeles Kings zone.
2:31 of 1st period - Slapshot by Robert Thomas.
2:31 of 1st period - Stopped by Carl Lindbom with a rebound.
3:29 of 1st period - Snap shot by Logan O'Connor.
3:29 of 1st period - Stopped by Carl Lindbom without a rebound.
3:30 of 1st period - Isac Lundestrom wins face-off versus Jansen Harkins in Los Angeles Kings zone.
3:45 of 1st period - Slapshot by Jake Sanderson.
3:45 of 1st period - Deflect By Isac Lundestrom.
3:45 of 1st period - Stopped by Carl Lindbom without a rebound.
3:46 of 1st period - Robert Thomas wins face-off versus Adam Fantilli in Los Angeles Kings zone.
4:11 of 1st period - Evander Kane is hit by Jake Guentzel and loses puck.
4:58 of 1st period - Snap shot by Logan O'Connor.
4:58 of 1st period - Deflect By Isac Lundestrom.
4:58 of 1st period - Shot Misses the Net.
4:58 of 1st period - Puck is out of play.
4:59 of 1st period - Isac Lundestrom wins face-off versus Andrei Svechnikov in Los Angeles Kings zone.
5:24 of 1st period - Charlie McAvoy is hit by Mark Stone and loses puck.
5:58 of 1st period - Snap shot by Joseph Veleno.
5:58 of 1st period - Deflect By Mikey Eyssimont.
5:58 of 1st period - Shot Misses the Net.
5:58 of 1st period - Puck is out of play.
5:59 of 1st period - Vincent Trocheck wins face-off versus Andrei Kuzmenko in St.Louis Blues zone.
6:04 of 1st period - Wrist shot by Andrei Svechnikov.
6:04 of 1st period - Shot Misses the Net.
6:06 of 1st period - Wrist shot by Andrei Svechnikov.
6:06 of 1st period - Shot Misses the Net.
6:08 of 1st period - Snap shot by K'Andre Miller.
6:08 of 1st period - Deflect By Andrei Svechnikov.
6:08 of 1st period - Stopped by Connor Hellebuyck without a rebound.
6:09 of 1st period - Vincent Trocheck wins face-off versus Adam Fantilli in St.Louis Blues zone.
6:14 of 1st period - Jake Sanderson is hit by MacKenzie Weegar and loses puck.
6:23 of 1st period - Backhand shot by Adam Fantilli.
6:23 of 1st period - Stopped by Connor Hellebuyck with a rebound.
6:27 of 1st period - Snap shot by Andrei Svechnikov.
6:27 of 1st period - Stopped by Connor Hellebuyck with a rebound.
6:29 of 1st period - Slapshot by K'Andre Miller.
6:29 of 1st period - Deflect By Andrei Svechnikov.
6:29 of 1st period - Stopped by Connor Hellebuyck with a rebound.
6:31 of 1st period - Snap shot by K'Andre Miller.
6:31 of 1st period - Shot Misses the Net.
6:43 of 1st period - Snap shot by Andrei Svechnikov.
6:43 of 1st period - Shot Misses the Net.
6:45 of 1st period - Slapshot by K'Andre Miller.
6:45 of 1st period - Shot Blocked by Brandon Hagel.
6:47 of 1st period - Slapshot by K'Andre Miller.
6:47 of 1st period - Shot Misses the Net.
6:49 of 1st period - Slapshot by K'Andre Miller.
6:49 of 1st period - Deflect By Andrei Kuzmenko.
6:49 of 1st period - Stopped by Connor Hellebuyck with a rebound.
6:51 of 1st period - Slapshot by K'Andre Miller.
6:51 of 1st period - Stopped by Connor Hellebuyck with a rebound.
6:53 of 1st period - Wrist shot by Adam Fantilli.
6:53 of 1st period - Stopped by Connor Hellebuyck without a rebound.
6:54 of 1st period - Robert Thomas wins face-off versus Evander Kane in St.Louis Blues zone.
6:59 of 1st period - Evander Kane is hit by Jaccob Slavin.
7:12 of 1st period - Alexander Romanov is hit by Robert Thomas and loses puck.
7:29 of 1st period - Alexander Romanov is hit by Jake Guentzel and loses puck.
7:48 of 1st period - Snap shot by Joseph Veleno.
7:48 of 1st period - Stopped by Connor Hellebuyck without a rebound.
7:49 of 1st period - Joseph Veleno wins face-off versus Robert Thomas in St.Louis Blues zone.
8:02 of 1st period - K'Andre Miller is hit by Colton Parayko and loses puck.
8:21 of 1st period - Slapshot by Brayden Point.
8:21 of 1st period - Stopped by Carl Lindbom without a rebound.
8:22 of 1st period - Robert Thomas wins face-off versus Evander Kane in Los Angeles Kings zone.
8:27 of 1st period - Snap shot by Robert Thomas.
8:27 of 1st period - Stopped by Carl Lindbom without a rebound.
8:28 of 1st period - Evander Kane wins face-off versus Nikita Kucherov in Los Angeles Kings zone.
9:05 of 1st period - Icing by Jake Guentzel.
9:06 of 1st period - Brayden Point wins face-off versus Andrei Svechnikov in St.Louis Blues zone.
10:33 of 1st period - Slapshot by Brayden Point.
10:33 of 1st period - Stopped by Carl Lindbom without a rebound.
10:34 of 1st period - Robert Thomas wins face-off versus Jansen Harkins in Los Angeles Kings zone.
10:37 of 1st period - Snap shot by Robert Thomas.
10:37 of 1st period - Shot Misses the Net.
11:29 of 1st period - Slapshot by Mikhail Sergachev.
11:29 of 1st period - Deflect By Cooper Marody.
11:29 of 1st period - Stopped by Carl Lindbom without a rebound.
11:30 of 1st period - Jansen Harkins wins face-off versus Robert Thomas in Los Angeles Kings zone.
12:47 of 1st period - Wrist shot by Logan Cooley.
12:47 of 1st period - Shot Blocked by Jake Sanderson.
12:49 of 1st period - Snap shot by Logan Cooley.
12:49 of 1st period - Deflect By Evander Kane.
12:49 of 1st period - Stopped by Connor Hellebuyck with a rebound.
12:59 of 1st period - Snap shot by Vincent Trocheck.
12:59 of 1st period - Stopped by Carl Lindbom without a rebound.
13:00 of 1st period - Vincent Trocheck wins face-off versus Jackson Blake in Los Angeles Kings zone.
13:58 of 1st period - Slapshot by Robert Thomas.
13:58 of 1st period - Shot Misses the Net.
14:47 of 1st period - Minor Penalty to Brandon Hagel for Slashing.
14:48 of 1st period - Vincent Trocheck wins face-off versus Joseph Veleno in St.Louis Blues zone.
14:55 of 1st period - Wrist shot by Jake Sanderson.
14:55 of 1st period - Stopped by Carl Lindbom with a rebound.
15:01 of 1st period - Slapshot by K'Andre Miller.
15:01 of 1st period - Shot Misses the Net.
15:03 of 1st period - Wrist shot by Joseph Veleno.
15:03 of 1st period - Shot Blocked by Brandon Tanev.
16:30 of 1st period - Joseph Veleno is hit by Colton Parayko and loses puck.
16:47 of 1st period - Penalty to Brandon Hagel is over, Brandon Hagel is back on ice.
16:49 of 1st period - Jake Guentzel is hit by Mikey Eyssimont and loses puck.
17:00 of 1st period - Jack Eichel is hit by Vitali Kravtsov and loses puck.
17:16 of 1st period - Icing by Jake Sanderson.
17:17 of 1st period - Brayden Point wins face-off versus Evander Kane in St.Louis Blues zone.
17:37 of 1st period - Off-side.
17:38 of 1st period - Robert Thomas wins face-off versus Jansen Harkins in neutral zone.
17:41 of 1st period - Snap shot by Jack Eichel.
17:41 of 1st period - Shot Misses the Net.
17:43 of 1st period - Slapshot by Mikhail Sergachev.
17:43 of 1st period - Stopped by Carl Lindbom without a rebound.
17:44 of 1st period - Adam Fantilli wins face-off versus Jack Eichel in Los Angeles Kings zone.
18:35 of 1st period - Snap shot by Jake Guentzel.
18:35 of 1st period - Shot Blocked by Jansen Harkins.
18:37 of 1st period - Wrist shot by Mark Stone.
18:37 of 1st period - Goal by Mark Stone - St.Louis Blues : 1 - Los Angeles Kings : 0.
18:38 of 1st period - Adam Fantilli wins face-off versus Robert Thomas in neutral zone.
18:51 of 1st period - MacKenzie Weegar is hit by Nikita Kucherov and loses puck.
19:08 of 1st period - Wrist shot by Evander Kane.
19:08 of 1st period - Shot Blocked by Colton Parayko.
19:10 of 1st period - Slapshot by K'Andre Miller.
19:10 of 1st period - Stopped by Connor Hellebuyck without a rebound.
19:11 of 1st period - Robert Thomas wins face-off versus Evander Kane in St.Louis Blues zone.
Goals for this period are 1 for St.Louis Blues vs 0 for Los Angeles Kings.
Shots for this period are 15 for St.Louis Blues vs 11 for Los Angeles Kings.

2nd period


0:01 of 2nd period - Adam Fantilli wins face-off versus Robert Thomas in neutral zone.
0:14 of 2nd period - Robert Thomas is hit by Andrei Svechnikov and loses puck.
1:14 of 2nd period - Slapshot by K'Andre Miller.
1:14 of 2nd period - Shot Blocked by Isac Lundestrom.
1:29 of 2nd period - Snap shot by Adam Fantilli.
1:29 of 2nd period - Stopped by Connor Hellebuyck with a rebound.
1:31 of 2nd period - Snap shot by Adam Fantilli.
1:31 of 2nd period - Stopped by Connor Hellebuyck with a rebound.
1:33 of 2nd period - Wrist shot by Andrei Svechnikov.
1:33 of 2nd period - Shot Blocked by Mikhail Sergachev.
1:35 of 2nd period - Snap shot by Adam Fantilli.
1:35 of 2nd period - Shot Misses the Net.
1:37 of 2nd period - Snap shot by Andrei Svechnikov.
1:37 of 2nd period - Shot Misses the Net.
1:39 of 2nd period - Wrist shot by Andrei Svechnikov.
1:39 of 2nd period - Goal by Andrei Svechnikov - St.Louis Blues : 1 - Los Angeles Kings : 1.
1:40 of 2nd period - Jansen Harkins wins face-off versus Nikita Kucherov in neutral zone.
2:13 of 2nd period - Snap shot by Andrei Kuzmenko.
2:13 of 2nd period - Stopped by Connor Hellebuyck without a rebound.
2:14 of 2nd period - Adam Fantilli wins face-off versus Brayden Point in St.Louis Blues zone.
2:57 of 2nd period - Andrei Svechnikov is hit by Mikhail Sergachev and loses puck.
3:08 of 2nd period - Wrist shot by Brayden Point.
3:08 of 2nd period - Deflect By Jake Guentzel.
3:08 of 2nd period - Stopped by Carl Lindbom with a rebound.
3:10 of 2nd period - Snap shot by Mark Stone.
3:10 of 2nd period - Shot Blocked by Alexander Romanov.
3:12 of 2nd period - Snap shot by Brayden Point.
3:12 of 2nd period - Stopped by Carl Lindbom with a rebound.
3:14 of 2nd period - Slapshot by Mikhail Sergachev.
3:14 of 2nd period - Stopped by Carl Lindbom with a rebound.
3:34 of 2nd period - Backhand shot by Brayden Point.
3:34 of 2nd period - Shot Blocked by Adam Fantilli.
3:36 of 2nd period - Snap shot by Mikhail Sergachev.
3:36 of 2nd period - Shot Misses the Net.
3:38 of 2nd period - Slapshot by Brayden Point.
3:38 of 2nd period - Stopped by Carl Lindbom with a rebound.
3:40 of 2nd period - Slapshot by Brayden Point.
3:40 of 2nd period - Shot Misses the Net.
3:42 of 2nd period - Snap shot by Mark Stone.
3:42 of 2nd period - Deflect By Jake Guentzel.
3:42 of 2nd period - Shot Blocked by Alexander Romanov.
3:42 of 2nd period - Puck is out of play.
3:43 of 2nd period - Evander Kane wins face-off versus Robert Thomas in Los Angeles Kings zone.
3:48 of 2nd period - Jake Sanderson is hit by K'Andre Miller and loses puck.
3:55 of 2nd period - Snap shot by Will Smith.
3:55 of 2nd period - Stopped by Connor Hellebuyck with a rebound.
3:57 of 2nd period - Slapshot by K'Andre Miller.
3:57 of 2nd period - Deflect By Logan Cooley.
3:57 of 2nd period - Goal by Logan Cooley - St.Louis Blues : 1 - Los Angeles Kings : 2.
3:58 of 2nd period - Jansen Harkins wins face-off versus Robert Thomas in neutral zone.
4:38 of 2nd period - Wrist shot by Robert Thomas.
4:38 of 2nd period - Stopped by Carl Lindbom without a rebound.
4:39 of 2nd period - Vincent Trocheck wins face-off versus Evander Kane in Los Angeles Kings zone.
4:54 of 2nd period - Snap shot by Alex Tuch.
4:54 of 2nd period - Shot Misses the Net.
4:56 of 2nd period - Snap shot by Adam Pelech.
4:56 of 2nd period - Stopped by Carl Lindbom with a rebound.
5:06 of 2nd period - Artem Zub is hit by Jansen Harkins and loses puck.
5:17 of 2nd period - Wrist shot by Jackson Blake.
5:17 of 2nd period - Shot Misses the Net.
5:28 of 2nd period - Icing by Artem Zub.
5:29 of 2nd period - Adam Fantilli wins face-off versus Brayden Point in St.Louis Blues zone.
5:34 of 2nd period - Wrist shot by Adam Fantilli.
5:34 of 2nd period - Shot Misses the Net.
5:36 of 2nd period - Slapshot by Charlie McAvoy.
5:36 of 2nd period - Deflect By Andrei Svechnikov.
5:36 of 2nd period - Stopped by Connor Hellebuyck without a rebound.
5:37 of 2nd period - Robert Thomas wins face-off versus Evander Kane in St.Louis Blues zone.
5:43 of 2nd period - Off-side.
5:44 of 2nd period - Will Smith wins face-off versus Robert Thomas in neutral zone.
6:30 of 2nd period - Joseph Veleno is hit by Jake Sanderson.
7:08 of 2nd period - Wrist shot by Andrei Svechnikov.
7:08 of 2nd period - Shot Blocked by Robert Thomas.
7:20 of 2nd period - Snap shot by Nikita Kucherov.
7:20 of 2nd period - Stopped by Carl Lindbom without a rebound.
7:21 of 2nd period - Vincent Trocheck wins face-off versus Jansen Harkins in Los Angeles Kings zone.
8:09 of 2nd period - Joseph Veleno is hit by Jake Guentzel and loses puck.
8:50 of 2nd period - Snap shot by Mark Stone.
8:50 of 2nd period - Stopped by Carl Lindbom with a rebound.
9:33 of 2nd period - Snap shot by Jake Guentzel.
9:33 of 2nd period - Stopped by Carl Lindbom with a rebound.
10:15 of 2nd period - Snap shot by Brayden Point.
10:15 of 2nd period - Stopped by Carl Lindbom with a rebound.
10:20 of 2nd period - Off-side.
10:21 of 2nd period - Evander Kane wins face-off versus Robert Thomas in neutral zone.
10:24 of 2nd period - Jack Eichel is hit by Will Smith and loses puck.
11:31 of 2nd period - Will Smith is hit by Artem Zub and loses puck.
12:25 of 2nd period - Adam Fantilli is hit by Alex Tuch and loses puck.
13:07 of 2nd period - Will Smith is hit by Robert Thomas and loses puck.
14:29 of 2nd period - Adam Pelech is hit by Evander Kane and loses puck.
16:24 of 2nd period - Jansen Harkins is hit by Brayden Point and loses puck.
17:05 of 2nd period - Nikita Kucherov is hit by K'Andre Miller and loses puck.
17:24 of 2nd period - Jake Guentzel is hit by Joseph Veleno and loses puck.
17:47 of 2nd period - Snap shot by Colton Parayko.
17:47 of 2nd period - Shot Blocked by Charlie McAvoy.
18:56 of 2nd period - Jackson Blake is hit by Adam Pelech and loses puck.
19:46 of 2nd period - Andrei Svechnikov is hit by Colton Parayko and loses puck.
19:59 of 2nd period - K'Andre Miller is hit by Alex Tuch and loses puck.
Goals for this period are 0 for St.Louis Blues vs 2 for Los Angeles Kings.
Shots for this period are 10 for St.Louis Blues vs 7 for Los Angeles Kings.

3rd period


0:01 of 3rd period - Evander Kane wins face-off versus Robert Thomas in neutral zone.
0:09 of 3rd period - Will Smith is hit by Jack Eichel and loses puck.
0:20 of 3rd period - Minor Penalty to Jake Sanderson for Hooking.
0:21 of 3rd period - Isac Lundestrom wins face-off versus Adam Fantilli in St.Louis Blues zone.
0:46 of 3rd period - Snap shot by MacKenzie Weegar.
0:46 of 3rd period - Shot Misses the Net.
2:20 of 3rd period - Penalty to Jake Sanderson is over, Jake Sanderson is back on ice.
2:28 of 3rd period - Evander Kane is hit by Brayden Point and loses puck.
2:33 of 3rd period - Snap shot by Jake Guentzel.
2:33 of 3rd period - Stopped by Carl Lindbom with a rebound.
2:57 of 3rd period - Will Smith is hit by Vincent Trocheck and loses puck.
3:31 of 3rd period - Snap shot by Logan O'Connor.
3:31 of 3rd period - Shot Hit the Post.
3:33 of 3rd period - Slapshot by Adam Pelech.
3:33 of 3rd period - Shot Blocked by Ryan Suter.
3:43 of 3rd period - Vincent Trocheck is hit by Jackson Blake and loses puck.
3:54 of 3rd period - Logan Cooley is hit by Colton Parayko and loses puck.
4:36 of 3rd period - Icing by Brandon Hagel.
4:37 of 3rd period - Vincent Trocheck wins face-off versus Adam Fantilli in St.Louis Blues zone.
4:52 of 3rd period - Wrist shot by Andrei Svechnikov.
4:52 of 3rd period - Shot Blocked by Nikita Kucherov.
5:02 of 3rd period - Jackson Blake is hit by Brayden Point and loses puck.
5:11 of 3rd period - Slapshot by MacKenzie Weegar.
5:11 of 3rd period - Shot Misses the Net.
5:25 of 3rd period - Joseph Veleno is hit by Brandon Tanev and loses puck.
5:32 of 3rd period - Snap shot by Jake Sanderson.
5:32 of 3rd period - Stopped by Carl Lindbom with a rebound.
5:46 of 3rd period - Slapshot by Charlie McAvoy.
5:46 of 3rd period - Shot Misses the Net.
6:35 of 3rd period - Snap shot by Mikey Eyssimont.
6:35 of 3rd period - Stopped by Connor Hellebuyck without a rebound.
6:36 of 3rd period - Robert Thomas wins face-off versus Joseph Veleno in St.Louis Blues zone.
6:47 of 3rd period - Slapshot by MacKenzie Weegar.
6:47 of 3rd period - Shot Misses the Net.
6:49 of 3rd period - Slapshot by MacKenzie Weegar.
6:49 of 3rd period - Shot Misses the Net.
7:11 of 3rd period - Snap shot by Andrei Kuzmenko.
7:11 of 3rd period - Shot Blocked by Mikhail Sergachev.
7:13 of 3rd period - Slapshot by Alexander Romanov.
7:13 of 3rd period - Deflect By Vincent Trocheck.
7:13 of 3rd period - Stopped by Connor Hellebuyck without a rebound.
7:14 of 3rd period - Vincent Trocheck wins face-off versus Adam Fantilli in St.Louis Blues zone.
7:14 of 3rd period - Vincent Trocheck is hit by Andrei Svechnikov.
7:28 of 3rd period - Snap shot by Adam Fantilli.
7:28 of 3rd period - Stopped by Connor Hellebuyck without a rebound.
7:29 of 3rd period - Robert Thomas wins face-off versus Jansen Harkins in St.Louis Blues zone.
7:36 of 3rd period - MacKenzie Weegar is hit by Colton Parayko and loses puck.
8:04 of 3rd period - Andrei Kuzmenko is hit by Vincent Trocheck and loses puck.
8:18 of 3rd period - Snap shot by Jake Guentzel.
8:18 of 3rd period - Shot Blocked by Charlie McAvoy.
8:20 of 3rd period - Slapshot by Artem Zub.
8:20 of 3rd period - Stopped by Carl Lindbom without a rebound.
8:21 of 3rd period - Brayden Point wins face-off versus Logan Cooley in Los Angeles Kings zone.
8:49 of 3rd period - Snap shot by Brayden Point.
8:49 of 3rd period - Shot Misses the Net.
8:59 of 3rd period - Snap shot by Mark Stone.
8:59 of 3rd period - Stopped by Carl Lindbom without a rebound.
9:00 of 3rd period - Robert Thomas wins face-off versus Jansen Harkins in Los Angeles Kings zone.
9:38 of 3rd period - Wrist shot by Vincent Trocheck.
9:38 of 3rd period - Deflect By Andrei Svechnikov.
9:38 of 3rd period - Shot Misses the Net.
9:38 of 3rd period - Puck is out of play.
9:39 of 3rd period - Evander Kane wins face-off versus Robert Thomas in Los Angeles Kings zone.
9:48 of 3rd period - Snap shot by Logan Cooley.
9:48 of 3rd period - Shot Misses the Net.
9:50 of 3rd period - Snap shot by Evander Kane.
9:50 of 3rd period - Deflect By Will Smith.
9:50 of 3rd period - Shot Misses the Net.
9:50 of 3rd period - Puck is out of play.
9:51 of 3rd period - Adam Fantilli wins face-off versus Robert Thomas in St.Louis Blues zone.
9:56 of 3rd period - Snap shot by Andrei Svechnikov.
9:56 of 3rd period - Shot Blocked by Jake Sanderson.
10:02 of 3rd period - Andrei Kuzmenko is hit by Jack Eichel and loses puck.
10:17 of 3rd period - MacKenzie Weegar is hit by Mark Stone and loses puck.
10:26 of 3rd period - Slapshot by Jackson Blake.
10:26 of 3rd period - Deflect By Jansen Harkins.
10:26 of 3rd period - Stopped by Connor Hellebuyck with a rebound.
10:28 of 3rd period - Wrist shot by Vitali Kravtsov.
10:28 of 3rd period - Shot Misses the Net.
10:40 of 3rd period - Wrist shot by Vincent Trocheck.
10:40 of 3rd period - Stopped by Carl Lindbom with a rebound.
10:42 of 3rd period - Slapshot by Vincent Trocheck.
10:42 of 3rd period - Shot Misses the Net.
10:44 of 3rd period - Slapshot by Jake Sanderson.
10:44 of 3rd period - Shot Blocked by Will Smith.
10:50 of 3rd period - Wrist shot by Brandon Hagel.
10:50 of 3rd period - Shot Misses the Net.
10:56 of 3rd period - Minor Penalty to Evander Kane for Diving.
10:57 of 3rd period - Jake Guentzel wins face-off versus Adam Fantilli in Los Angeles Kings zone.
10:58 of 3rd period - Snap shot by Nikita Kucherov.
10:58 of 3rd period - Shot Blocked by K'Andre Miller.
11:10 of 3rd period - Andrei Svechnikov is hit by Alex Tuch and loses puck.
11:49 of 3rd period - Adam Fantilli is hit by Jake Sanderson and loses puck.
12:56 of 3rd period - Penalty to Evander Kane is over, Evander Kane is back on ice.
13:20 of 3rd period - Snap shot by Evander Kane.
13:20 of 3rd period - Deflect By Adam Fantilli.
13:20 of 3rd period - Shot Blocked by Adam Pelech.
13:20 of 3rd period - Puck is out of play.
13:21 of 3rd period - Robert Thomas wins face-off versus Cooper Marody in St.Louis Blues zone.
13:43 of 3rd period - Icing by Mark Stone.
13:44 of 3rd period - Isac Lundestrom wins face-off versus Evander Kane in St.Louis Blues zone.
14:15 of 3rd period - Snap shot by Vincent Trocheck.
14:15 of 3rd period - Shot Hit the Post.
14:17 of 3rd period - Snap shot by Vincent Trocheck.
14:17 of 3rd period - Shot Blocked by Cooper Marody.
14:19 of 3rd period - Snap shot by Jaccob Slavin.
14:19 of 3rd period - Shot Blocked by MacKenzie Weegar.
14:21 of 3rd period - Slapshot by Alex Tuch.
14:21 of 3rd period - Stopped by Carl Lindbom with a rebound.
14:23 of 3rd period - Wrist shot by Alex Tuch.
14:23 of 3rd period - Stopped by Carl Lindbom with a rebound.
14:32 of 3rd period - Off-side.
14:33 of 3rd period - Adam Fantilli wins face-off versus Brayden Point in neutral zone.
14:36 of 3rd period - Snap shot by Andrei Svechnikov.
14:36 of 3rd period - Goal by Andrei Svechnikov - St.Louis Blues : 1 - Los Angeles Kings : 3.
14:37 of 3rd period - Andrei Svechnikov wins face-off versus Robert Thomas in neutral zone.
15:04 of 3rd period - Colton Parayko is hit by K'Andre Miller and loses puck.
15:28 of 3rd period - Icing by Mikhail Sergachev.
15:29 of 3rd period - Brayden Point wins face-off versus Jansen Harkins in St.Louis Blues zone.
15:40 of 3rd period - Slapshot by Jansen Harkins.
15:40 of 3rd period - Shot Hit the Post.
15:42 of 3rd period - Snap shot by Vitali Kravtsov.
15:42 of 3rd period - Stopped by Connor Hellebuyck with a rebound.
15:44 of 3rd period - Slapshot by Charlie McAvoy.
15:44 of 3rd period - Deflect By Brayden Point.
15:44 of 3rd period - Stopped by Connor Hellebuyck with a rebound.
16:59 of 3rd period - Snap shot by MacKenzie Weegar.
16:59 of 3rd period - Stopped by Connor Hellebuyck without a rebound.
17:00 of 3rd period - Brayden Point wins face-off versus Jansen Harkins in St.Louis Blues zone.
17:07 of 3rd period - Slapshot by MacKenzie Weegar.
17:07 of 3rd period - Deflect By Jansen Harkins.
17:07 of 3rd period - Shot Misses the Net.
17:07 of 3rd period - Puck is out of play.
17:08 of 3rd period - Jansen Harkins wins face-off versus Alex Tuch in St.Louis Blues zone.
17:40 of 3rd period - Snap shot by Jack Eichel.
17:40 of 3rd period - Stopped by Carl Lindbom with a rebound.
17:56 of 3rd period - Wrist shot by Brayden Point.
17:56 of 3rd period - Shot Misses the Net.
17:58 of 3rd period - Snap shot by Jake Guentzel.
17:58 of 3rd period - Shot Blocked by Logan Cooley.
18:13 of 3rd period - Off-side.
18:14 of 3rd period - Adam Fantilli wins face-off versus Robert Thomas in neutral zone.
18:27 of 3rd period - Snap shot by Robert Thomas.
18:27 of 3rd period - Stopped by Carl Lindbom without a rebound.
18:28 of 3rd period - Vincent Trocheck wins face-off versus Vitali Kravtsov in Los Angeles Kings zone.
18:43 of 3rd period - Vincent Trocheck is hit by Ryan Suter and loses puck.
18:58 of 3rd period - Slapshot by Jack Eichel.
18:58 of 3rd period - Shot Blocked by Ryan Suter.
19:34 of 3rd period - Slapshot by MacKenzie Weegar.
19:34 of 3rd period - Shot Misses the Net.
19:40 of 3rd period - Wrist shot by Jansen Harkins.
19:40 of 3rd period - Stopped by Connor Hellebuyck with a rebound.
Goals for this period are 0 for St.Louis Blues vs 1 for Los Angeles Kings.
Shots for this period are 9 for St.Louis Blues vs 9 for Los Angeles Kings.